 Dungeon Crawl Stone Soup version 0.29-a0-284-gf9362112df (webtiles) character file.

Game seed: 14087742193511009779

85 bande the Covered (level 4, -6/29 HPs)
             Began as a Gargoyle Fighter on Mar 30, 2022.
             Was an Initiate of Okawaru.
             Mangled by an ogre
             ... wielding a +0 giant club
              (18 damage)
             ... on level 3 of the Dungeon.
             The game lasted 00:03:32 (2434 turns).

bande the Covered (Gargoyle Fighter)                Turns: 2434, Time: 00:03:32

Health: -6/29      AC: 11    Str: 19    XL:     4   Next: 48%
Magic:  4/4        EV:  9    Int:  9    God:    Okawaru [......]
Gold:   94         SH:  9    Dex: 11    Spells: 3/3 levels left

rFire   . . .      SeeInvis .   a - +1 war axe
rCold   . . .      Faith    .   c - +0 buckler
rNeg    + . .      Spirit   .   b - +0 scale mail
rPois   ∞          Reflect  +   (no helmet)
rElec   +          Harm     .   (no cloak)
rCorr   .          Rampage  .   j - +0 pair of gloves
Will    .....                   (no boots)
Stlth   ..........              e - amulet of reflection
HPRegen 0.09/turn               (no ring)
MPRegen 0.09/turn               (no ring)

@: mighty
A: sickness immunity, AC +3, negative energy resistance 1, electricity
resistance, torment resistance 1, petrification resistance
a: Renounce Religion


You were on level 3 of the Dungeon.
You worshipped Okawaru.
Okawaru was noncommittal.
You visited 1 branch of the dungeon, and saw 3 of its levels.

You collected 94 gold pieces.

Inventory:

Hand Weapons
 a - a +1 war axe (weapon)
Armour
 b - a +0 scale mail (worn)
 c - a +0 buckler (worn)
 j - a +0 pair of gloves (worn)
Jewellery
 e - an amulet of reflection (around neck)
Scrolls
 h - a scroll of holy word
Potions
 f - a potion of flight
 g - a potion of mutation {unknown}


   Skills:
 + Level 3.6 Fighting
 + Level 3.2 Axes
 + Level 3.9 Armour
 + Level 3.6 Shields


You had 3 spell levels left.
You didn't know any spells.
Your spell library contained the following spells:

 Spells                   Type           Power      Damage    Failure   Level
 Eringya's Noxious Bog    Tmut/Pois      0%         N/A       100%        6
 Summon Forest            Summ/Tloc      Unusable   N/A       N/A         5
 Summon Hydra             Summ           Unusable   N/A       N/A         7

Dungeon Overview and Level Annotations

Branches:
Dungeon (3/15)

Altars:
Kikubaaqudgha
Okawaru
Ru

Shops:
D:1 =


Innate Abilities, Weirdness & Mutations

You are immune to sickness and miasma.
Your stone body is resilient. (AC +3)
You are immune to poison.
You resist negative energy. (rN+)
You are resistant to electric shocks. (rElec)
You are resistant to unholy torment.
You are immune to petrification.


Message History

A ball python comes into view.
The ball python hisses angrily.
A ball python is nearby!
You see here 24 stones.
You closely miss the ball python. The ball python closely misses you.
You block the ball python's attack.
The ball python bites you but does no damage.
You block the ball python's attack.
You slash the ball python!
You kill the ball python!
Okawaru accepts your kill.
No target in view!
No target in view!
No target in view!
No target in view!
An ogre comes into view. It is wielding a +0 giant club.
The ogre shouts!
An ogre is nearby!
You feel very mighty all of a sudden.
You slash the ogre!
The ogre is heavily wounded.
The ogre hits you with a +0 giant club!!
Ouch! That really hurt!
You slash the ogre!
The ogre is severely wounded.
You block the ogre's attack.
You barely miss the ogre.
The ogre is severely wounded.
The ogre barely misses you.
You hit the ogre.
The ogre is almost dead.
You block the ogre's attack.
You closely miss the ogre.
The ogre is almost dead.
You block the ogre's attack.
You closely miss the ogre.
The ogre is almost dead.
The ogre hits you with a +0 giant club!!
Ouch! That really hurt!
You die...

.................
.#######.........
#########.#.....
#.........#.####
................
#.######..#+####
#.........# .#.#######
###.........# ......O@.#
#.'.........'
##.#####.###.#.........#
.....................<#
#.#####.###.#.........#
#.# #.#.........#
#.###'#......[..#
#.#..........####
#.#..........####
#................


You could see an ogre.

Vanquished Creatures
  3 adders
  2 worms
  A dart slug (D:2)
  An orc (D:3)
  6 ball pythons
  2 endoplasms
  2 giant cockroaches
  5 hobgoblins
  3 jackals (D:2)
  5 kobolds
  2 quokkas
  5 bats
  3 frilled lizards
  3 goblins
  3 rats (D:2)
46 creatures vanquished.

Vanquished Creatures (others)
  2 fungi (D:1)
  2 plants (D:1)
  3 withered plants (D:1)
7 creatures vanquished.

Grand Total: 53 creatures vanquished

Notes
Turn   | Place    | Note
-------+----------+-------------------------------------------
     0 | D:1      | bande the Gargoyle Fighter began the quest for the Orb.
     0 | D:1      | Reached XP level 1. HP: 14/14 MP: 1/1
   220 | D:1      | Reached XP level 2. HP: 19/19 MP: 2/2
   355 | D:1      | Found a faded altar of an unknown god.
   810 | D:1      | Found Hocsoci's Jewellery Boutique.
  1147 | D:2      | Reached XP level 3. HP: 17/23 MP: 3/3
  1998 | D:3      | Reached XP level 4. HP: 28/28 MP: 4/4
  2121 | D:3      | Found an iron altar of Okawaru.
  2124 | D:3      | Found a sacrificial altar of Ru.
  2124 | D:3      | Found an ancient bone altar of Kikubaaqudgha.
  2127 | D:3      | Became a worshipper of Warmaster Okawaru
  2425 | D:3      | Noticed an ogre
  2434 | D:3      | Mangled by an ogre

Illustrated notes

Levels and vault maps discovered:
D:1:      saegor_arrival_under_anarchy, layout_loops_ring,
          shapermc_ecumenical_altar_gd, serial_shops,
          nicolae_shop_hallway_stairs, chequers_serial_rivers_large_a
D:2:      layout_rooms
D:3:      layout_basic, grunt_temple_overflow_open

Skill      XL: |  1  2  3 |
---------------+----------+-----
Axes           | 2 3 |  3.2
Fighting       | |  3.6
Armour         | |  3.9
Shields        | |  3.6

Action                   |  1- 3 |  4- 6 || total
-------------------------+-------+-------++-------
Melee: War axe           |   136 |    27 ||   163
  Use: Scroll            |     7 |     2 ||     9
       Potion            |       |     1 ||     1
Armor: Scale mail        |    91 |    16 ||   107
Dodge: Dodged            |    66 |    10 ||    76
Block: Buckler           |    30 |     8 ||    38

Table legend: (Time is in decaauts)
 A = Elapsed time spent in this place.
 B = Non-inter-level travel time spent in this place.
 C = Inter-level travel time spent in this place.
 D = Time resting spent in this place.
 E = Time spent auto-exploring this place.
 F = Levels seen in this place.
 G = Mean time per level.
                   A        B        C        D        E       F      G
               +--------+--------+--------+--------+--------+-----+--------+
         Total |   2508 |   2490 |     18 |      0 |   2032 |   3 |  836.0 |
       Dungeon |   2508 |   2490 |     18 |      0 |   2032 |   3 |  836.0 |
               +--------+--------+--------+--------+--------+-----+--------+

Top non-repeatable levels by time:
     D:1: 1169 daAuts
     D:2: 831 daAuts
     D:3: 507 daAuts
